 Dungeon Crawl Stone Soup version 0.29-a0-375-g5102b3be25 (webtiles) character file.

Game seed: 6458273676570296736

39 Hubjo the Firebug (level 3, -2/20 HPs)
             Began as a Deep Elf Fire Elementalist on May 3, 2022.
             Killed by nerve-wracking pain
             ... invoked by an orc priest
              (8 damage)
             ... on level 3 of the Dungeon.
             The game lasted 00:01:37 (1827 turns).

Hubjo the Firebug (Deep Elf Fire Elementalist)      Turns: 1827, Time: 00:01:37

Health: -2/20      AC:  2    Str:  5    XL:     3   Next: 26%
Magic:  2/9        EV: 13    Int: 19    God:
Gold:   76         SH:  0    Dex: 17    Spells: 7/8 levels left

rFire   . . .      SeeInvis .   j - +0 dagger
rCold   + . .      Faith    .   (no shield)
rNeg    . . .      Spirit   .   a - +0 robe
rPois   +          Reflect  .   (no helmet)
rElec   .          Harm     .   (no cloak)
rCorr   .          Rampage  .   (no gloves)
Will    .....                   (no boots)
Stlth   ++........              (no amulet)
HPRegen 0.06/turn               e - ring of poison resistance
MPRegen 0.11/turn               i - ring of protection from cold

@: very slightly contaminated
A: no striking features
a: no special abilities


You were on level 3 of the Dungeon.
You visited 1 branch of the dungeon, and saw 3 of its levels.

You collected 76 gold pieces.

Inventory:

Hand Weapons
 j - a +0 dagger (weapon)
Armour
 a - a +0 robe (worn)
Jewellery
 e - a ring of poison resistance (left hand)
 i - a ring of protection from cold (right hand)
Scrolls
 f - a scroll of noise {unknown}
 g - a scroll of teleportation
 h - a scroll of enchant weapon {unknown}
 k - a scroll of amnesia {unknown}
 l - a scroll of identify
 m - a scroll of fear {unknown}
Potions
 b - a potion of magic
 c - 2 potions of degeneration {unknown}
 d - 2 potions of curing {unknown}
 n - a potion of berserk rage {unknown}


   Skills:
 * Level 1.4 Fighting
 - Level 2.4 Dodging
 + Level 3.1 Stealth
 + Level 3.4 Spellcasting
 - Level 1.1 Conjurations
 + Level 3.6 Fire Magic


You had 7 spell levels left.
You knew the following spells:

 Your Spells              Type           Power      Damage    Failure   Level
a - Foxfire               Conj/Fire      48%        2x1d6     5%          1

Your spell library contained the following spells:

 Spells                   Type           Power      Damage    Failure   Level
 Scorch                   Fire           34%        2d7       4%          2
 Conjure Flame            Conj/Fire      12%        6-21      17%         3
 Inner Flame              Hex/Fire       10%        N/A       21%         3
 Flame Wave               Conj/Fire      12%        2d6       50%         4


Dungeon Overview and Level Annotations

Branches:
Dungeon (3/15)

Altars:
Beogh


Message History

The orc moves out of view.
There are monsters nearby!
There are monsters nearby!
You miscast Foxfire.
You are very lightly contaminated with residual magic.
Nothing appears to happen.
The orc shouts!
You miscast Foxfire.
Nothing appears to happen.
An orc comes into view. It is wielding a +0 hand axe.
The orc misses you. The orc hits you but does no damage.
You conjure some foxfire!
The orc hits you but does no damage.
You conjure some foxfire!
The foxfire hits the orc.
The orc is lightly wounded.
The orc misses you.
You conjure some foxfire!
The foxfire hits the orc.
The orc is heavily wounded.
The foxfire hits the orc.
You kill the orc!
The foxfire hits the orc.
The orc is heavily wounded.
The orc barely misses you.
You conjure some foxfire!
You conjure some foxfire!
The foxfire hits the orc.
The orc is almost dead.
The foxfire hits the orc.
You kill the orc!
The foxfire hits the orc priest.
The orc priest is lightly wounded.
The orc priest calls down the wrath of Beogh upon you.
Pain shoots through your body!
Ouch! That really hurt!
* * * LOW HITPOINT WARNING * * *
As you read the scroll labelled EGU HATZATZ, it crumbles to dust.
It is a scroll of identify.
g - a scroll of teleportation The foxfire hits the orc priest.
The orc priest is moderately wounded.
The orc priest calls down the wrath of Beogh upon you.
Pain shoots through your body!
You die...

#########
........################
........'......(........
......§§################
......§@#
.......)oo.....
#########bo.... J.....
###### ..... ..... .....
.... .... #.#. .### #<#.
#.#...


You could see an orc priest, 2 orcs, an endoplasm and a bat.

Vanquished Creatures
  An adder (D:2)
  2 dart slugs
  2 orcs (D:3)
  2 ball pythons
  3 endoplasms
  3 goblins
  2 hobgoblins
  2 bats (D:1)
  3 frilled lizards
  A kobold (D:3)
  3 rats (D:1)
24 creatures vanquished.

Vanquished Creatures (others)
  108 foxfires
108 creatures vanquished.

Grand Total: 132 creatures vanquished

Notes
Turn   | Place    | Note
-------+----------+-------------------------------------------
     0 | D:1      | Hubjo the Deep Elf Fire Elementalist began the quest for
                  | the Orb.
     0 | D:1      | Reached XP level 1. HP: 10/10 MP: 6/6
   426 | D:1      | Reached XP level 2. HP: 16/16 MP: 5/8
   914 | D:1      | Found a faded altar of an unknown god.
   964 | D:2      | Reached skill level 1 in Fighting
  1303 | D:2      | Reached XP level 3. HP: 16/20 MP: 5/9
  1827 | D:3      | Killed from afar by an orc priest

Illustrated notes

Levels and vault maps discovered:
D:1:      roderic_dead_forest, layout_loops_ring,
          hellmonk_ecumenical_altar_defaced_shrine
D:2:      layout_rooms
D:3:      layout_basic

Skill      XL: |  1  2 |
---------------+-------+-----
Fighting       | 1 |  1.4
Stealth        | 3 |  3.1
Dodging        | |  2.4
Spellcasting   | |  3.4
Conjurations   | |  1.1
Fire Magic     | |  3.6

Action                   || total
-------------------------++-------
 Cast: Foxfire           ||    74
  Use: Scroll            ||     1
Armor: Robe              ||     6
Dodge: Dodged            ||    12

Table legend: (Time is in decaauts)
 A = Elapsed time spent in this place.
 B = Non-inter-level travel time spent in this place.
 C = Inter-level travel time spent in this place.
 D = Time resting spent in this place.
 E = Time spent auto-exploring this place.
 F = Levels seen in this place.
 G = Mean time per level.
                   A        B        C        D        E       F      G
               +--------+--------+--------+--------+--------+-----+--------+
         Total |   1825 |   1774 |     51 |      0 |   1606 |   3 |  608.3 |
       Dungeon |   1825 |   1774 |     51 |      0 |   1606 |   3 |  608.3 |
               +--------+--------+--------+--------+--------+-----+--------+

Top non-repeatable levels by time:
     D:1: 949 daAuts
     D:2: 781 daAuts
     D:3: 94 daAuts
